 Dungeon Crawl Stone Soup version 0.28.0-45-g0d030f2227 (webtiles) character file.

Game seed: 9893304958243710207

65 101zpm the Covered (level 4, 0/29 HPs)
             Began as a Gargoyle Fighter on Apr 4, 2022.
             Slain by an orc priest
             ... wielding a +0 short sword of venom
              (2 damage)
             ... on level 4 of the Dungeon.
             The game lasted 00:02:09 (2293 turns).

101zpm the Covered (Gargoyle Fighter)               Turns: 2293, Time: 00:02:10

Health: 0/29       AC: 10    Str: 21    XL:     4   Next: 13%
Magic:  4/4        EV:  9    Int:  9    God:
Gold:   46         SH:  4    Dex:  9    Spells: 3/3 levels left

rFire   . . .      SeeInvis .   a - +0 flail
rCold   . . .      Faith    .   c - +0 buckler
rNeg    + . .      Spirit   .   b - +0 scale mail
rPois   ∞          Reflect  .   (no helmet)
rElec   +          Harm     .   (no cloak)
rCorr   .          Rampage  .   (no gloves)
Will    .....                   (no boots)
Stlth   ..........              (no amulet)
HPRegen 0.09/turn               (no ring)
MPRegen 0.09/turn               (no ring)

@: no status effects
A: sickness immunity, AC +3, negative energy resistance 1, electricity
resistance, torment resistance 1, petrification resistance
a: no special abilities


You were on level 4 of the Dungeon.
You visited 1 branch of the dungeon, and saw 4 of its levels.

You collected 46 gold pieces.

Inventory:

Hand Weapons
 a - a +0 flail (weapon)
Armour
 b - a +0 scale mail (worn)
 c - a +0 buckler (worn)
Scrolls
 e - a scroll of amnesia {unknown}
 f - a scroll of identify {unknown}
 g - a scroll of noise {unknown}
Potions
 d - a potion of might
 h - a potion of mutation {unknown}
 i - a potion of ambrosia {unknown}


   Skills:
 + Level 3.8 Fighting
 + Level 2.5 Maces & Flails
 + Level 4.2 Armour
 + Level 0.2 Dodging
 + Level 3.6 Shields


You had 3 spell levels left.
You didn't know any spells.
Your spell library was empty.

Dungeon Overview and Level Annotations

Branches:
Dungeon (4/15)
 Temple: D:4-7

Altars:
Qazlal


Innate Abilities, Weirdness & Mutations

You are immune to sickness and miasma.
Your stone body is resilient. (AC +3)
You are immune to poison.
You resist negative energy. (rN+)
You are resistant to electric shocks. (rElec)
You are resistant to unholy torment.
You are immune to petrification.


Message History

Found a stone staircase leading down.
A hobgoblin comes into view.
Found 3 scrolls labelled JUBIXI BUTREC.
The hobgoblin shouts!
You hear a shout!
A hobgoblin is nearby!
You hit the hobgoblin.
You kill the hobgoblin!
An orc priest comes into view.
It is wielding a +0 short sword of venom.
Found a scroll labelled ANLATH NIOLLUWNONO.
You hit the orc priest.
The orc priest is lightly wounded.
The orc priest hits you with a +0 short sword of venom.
The orc priest casts a cantrip, but nothing happens.
You closely miss the orc priest.
The orc priest is lightly wounded.
The orc priest hits you but does no damage.
You barely miss the orc priest.
The orc priest is lightly wounded.
The orc priest invokes the aid of Beogh against you.
Beogh smites you!
Ouch! That really hurt!
An orc comes into view. It is wielding a +0 mace.
You are too injured to fight recklessly!
You are too injured to fight recklessly!
You are too injured to fight recklessly!
There are monsters nearby!
The orc priest hits you but does no damage.
There is a stone staircase leading down here.
The orc priest mumbles some strange prayers to Beogh against you.
Pain shoots through your body!
* * * LOW HITPOINT WARNING * * *
You climb downwards.
Found a flail and a ring mail.
Found a stormy altar of Qazlal.
There is a stone staircase leading up here.
You sock the hobgoblin!
You kill the hobgoblin!
The orc priest hits you with a +0 short sword of venom.
* * * LOW HITPOINT WARNING * * *
The orc priest hits you with a +0 short sword of venom.
You die...

#+##
##...##
##.....##
##.......##
#.........#
+.........+
#..o..[...#
#.@†).._#
##.....##
##...##
#+##


You could see an orc priest.

Vanquished Creatures
  An adder (D:3)
  2 worms (D:2)
  3 orcs (D:4)
  2 endoplasms (D:2)
  A giant cockroach (D:2)
  4 goblins
  6 hobgoblins
  10 jackals (D:2)
  2 kobolds (D:2)
  A quokka (D:3)
  3 ball pythons
  2 bats (D:2)
  4 frilled lizards
  A rat (D:2)
42 creatures vanquished.

Notes
Turn   | Place    | Note
-------+----------+-------------------------------------------
     0 | D:1      | 101zpm the Gargoyle Fighter began the quest for the Orb.
     0 | D:1      | Reached XP level 1. HP: 14/14 MP: 1/1
    10 | D:1      | Found a faded altar of an unknown god.
    84 | D:2      | Reached XP level 2. HP: 19/19 MP: 2/2
   564 | D:3      | Reached XP level 3. HP: 12/23 MP: 3/3
   750 | D:3      | Noticed a black bear
  1865 | D:4      | Reached skill level 4 in Armour
  1872 | D:4      | Noticed a necrophage
  2162 | D:3      | Reached XP level 4. HP: 20/29 MP: 4/4
  2292 | D:4      | Found a stormy altar of Qazlal.
  2293 | D:4      | Slain by an orc priest

Illustrated notes

Levels and vault maps discovered:
D:1:      tarquinn_simple_flora_water_a, layout_loops_ring,
          chequers_ecumenical_altar_island, minmay_octomino_j4
D:2:      layout_loops_ring
D:3:      layout_rooms, serial_shops, shop, hangedman_decor_riveting
D:4:      layout_loops_corners, overflow_temple_1_default, serial_shops, shop

Skill      XL: |  1  2  3 |
---------------+----------+-----
Armour         | 4 |  4.2
Fighting       | |  3.8
Maces & Flails | |  2.5
Dodging        | |  0.2
Shields        | |  3.6

Action                   |  1- 3 |  4- 6 || total
-------------------------+-------+-------++-------
Melee: Flail             |   164 |     7 ||   171
Armor: Scale mail        |   122 |     2 ||   124
Dodge: Dodged            |   120 |     1 ||   121
Block: Buckler           |    43 |       ||    43
